 Dungeon Crawl Stone Soup version 0.31-a0-1154-gadca813884 (webtiles) character file.

Game seed: 5428699690224220787

58 Dirtsage the Changeling (level 4, -1/28 HPs)
             Began as an Octopode Shapeshifter on Dec 7, 2023.
             Slain by a gnoll
             ... wielding a +0 spear
              (6 damage)
             ... on level 3 of the Dungeon.
             The game lasted 00:01:41 (808 turns).

Dirtsage the Changeling (Octopode Shapeshifter)      Turns: 808, Time: 00:01:41

Health: -1/28      AC:  1    Str: 13    XL:     4   Next: 1%
Magic:  4/4        EV: 13    Int: 12    God:
Gold:   92         SH:  0    Dex: 13    Spells: 3/3 levels left

rFire   . .          .
                       - Unarmed
rCold   . . .        (no shield)
rNeg    . . .        (helmet currently unavailable)
rPois   +            (no amulet)
rElec   .            P - ring of poison resistance
rCorr   .            (no ring)
SInv    .            (no ring)
Will    .....        (no ring)
Stlth   ++           (no ring)
HPRegen 0.24/turn    (no ring)
MPRegen 0.09/turn    (no ring)
                     (no ring)

%: no passive effects
@: beast-form
A: beast (slay +2), almost no armour, amphibious, 8 rings, camouflage 1,
gelatinous body 1, (nimble swimmer 1), tentacles
a: Begin Untransformation


You were on level 3 of the Dungeon.
You were a hulking beast.
You visited 1 branch of the dungeon, and saw 3 of its levels.

You collected 92 gold pieces.

Inventory:

Jewellery
 P - a ring of poison resistance (left tentacle)
Talismans
 b - a beast talisman
 c - a flux talisman
Scrolls
 d - 3 scrolls of revelation {unknown}
 e - 3 scrolls of identify {unknown}
 f - 2 scrolls of noise {unknown}
 h - a scroll of acquirement {unknown}
 i - a scroll of silence {unknown}
 j - a scroll of poison {unknown}
Potions
 a - 2 potions of lignification
 g - a potion of ambrosia {unknown}


   Skills:
 - Level 1.0 Fighting
 - Level 2.0 Dodging
 - Level 3.0 Unarmed Combat
 + Level 4.5 Shapeshifting


You had 3 spell levels left.
You didn't know any spells.
Your spell library was empty.

Dungeon Overview and Level Annotations

Branches:
Dungeon (2/15)

Altars:
Dithmenos
Kikubaaqudgha


Innate Abilities, Weirdness & Mutations

You are a hulking beast.
Your limbs bulge with bestial killing power. (Slay +2)
You cannot wear most types of armour.
You are amphibious.
You can wear up to eight rings at the same time.
Your skin changes colour to match your surroundings (Stealth+).
Your rubbery body absorbs attacks. (AC +1, EV +1)
((You are camouflaged when in or above water. (Stealth+)))
You have tentacles for arms and can constrict up to eight enemies at once.


Message History

You kill the bat!
A rat comes into view.
A rat is nearby!
A rat comes into view. x2 2 gnolls come into view.
The rat squeaks loudly. x2; The gnoll shouts! x2
You hear a shout!
You barely miss the rat. You grab the rat. You constrict the rat.
You kill the rat!
You see here a hobgoblin corpse.
The rat twitches its whiskers.
A quokka comes into view.
You tentacle-slap the rat but do no damage.
You grab the rat. You constrict the rat. The rat bites you.
You take 2 damage, and have 21/23 hp.
You bludgeon the rat!
You kill the rat!
You tentacle-slap the gnoll. Your grab misses the gnoll. You squeeze the gnoll.
The gnoll is almost dead.
The gnoll closely misses you. The quokka bites you.
The gnoll barely misses you.
You take 5 damage, and have 17/23 hp.
MASSIVE DAMAGE!!
You tentacle-slap the gnoll.
You kill the gnoll!
The quokka bites you.
A gnoll comes into view. It is wielding a +0 club.
The gnoll hits you from afar with a +0 spear!
You have reached level 4!
You take 8 damage, and have 9/28 hp.
MASSIVE DAMAGE!!
MP restored: 4 The quokka attacks as it pursues you!
The quokka barely misses you. The gnoll hits you with a +0 spear.
* * * LOW HITPOINT WARNING * * *
Things that are here:
a +0 flail; a gnoll corpse You take 4 damage, and have 5/28 hp.
You tentacle-slap the gnoll. Your grab misses the gnoll.
The gnoll is moderately wounded.
The quokka barely misses you. The gnoll hits you with a +0 spear.
You die...

...............#.#
#....⌠......#..#.####
...............#....#
..._...........####.####
##.....................#
#.#....##.#........##.#
#.###.....#.....#..# #
#. #####.#..##r#..# #.
...##h#..# .. ##.##g#..#
.. #...g...# ##
#)##.#..# #.......#.#
#.........#
####..####...# # #....g#
...#. #.#.#...####./...


You could see 2 gnolls and a quokka.

Vanquished Creatures
  A gnoll (D:3)
  2 adders (D:2)
  2 ball pythons
  5 endoplasms
  3 giant cockroaches
  3 hobgoblins
  A quokka (D:2)
  A bat (D:3)
  A frilled lizard (D:1)
  3 goblins (D:1)
  3 kobolds
  5 rats
30 creatures vanquished.

Notes
Turn   | Place    | Note
-------+----------+-------------------------------------------
     0 | D:1      | Dirtsage the Octopode Shapeshifter began the quest for the
                  | Orb.
     0 | D:1      | Reached XP level 1. HP: 13/13 MP: 1/1
    71 | D:1      | Reached XP level 2. HP: 18/18 MP: 2/2
   516 | D:2      | Reached skill level 4 in Shapeshifting
   516 | D:2      | Reached XP level 3. HP: 11/23 MP: 3/3
   720 | D:2      | You fall into a shaft and drop 1 floor!
   720 | D:3      | Found a shadowy altar of Dithmenos.
   720 | D:3      | Found an ancient bone altar of Kikubaaqudgha.
   756 | D:3      | Identified the +2 rapier "Qaheuloth" {drain, rN+ Str+2
                  | Dex+3}
   807 | D:3      | Reached XP level 4. HP: 9/28 MP: 4/4
   808 | D:3      | Slain by a gnoll

Illustrated notes

Levels and vault maps discovered:
D:1:      pf_arrival_petrified_forest, layout_rooms
D:2:      layout_loops_ring
D:3:      layout_basic, grunt_temple_overflow_open,
          gammafunk_ghost_nasty_kobolds, grunt_ministairs_1,
          minmay_misc_feat_plants

Skill      XL: |  1  2 |
---------------+-------+-----
Shapeshifting  | 4 |  4.5
Fighting       | |  1.0
Dodging        | |  2.0
Unarmed Combat | |  3.0

Action                     |  1- 3 |  4- 6 || total
---------------------------+-------+-------++-------
  Melee: Unarmed           |    55 |     1 ||    56
         Tentacles         |    12 |       ||    12
         Constrict         |    11 |       ||    11
   Stab: Sleeping          |     7 |       ||     7
         Distracted        |     1 |       ||     1
 Armour: Skin              |    22 |     2 ||    24
  Dodge: Dodged            |    21 |     2 ||    23

Table legend: (Time is in decaauts)
 A = Elapsed time spent in this place.
 B = Non-inter-level travel time spent in this place.
 C = Inter-level travel time spent in this place.
 D = Time resting spent in this place.
 E = Time spent auto-exploring this place.
 F = Levels seen in this place.
 G = Mean time per level.
                   A        B        C        D        E       F      G
               +--------+--------+--------+--------+--------+-----+--------+
         Total |    804 |    787 |     17 |      0 |    579 |   3 |  268.0 |
       Dungeon |    804 |    787 |     17 |      0 |    579 |   3 |  268.0 |
               +--------+--------+--------+--------+--------+-----+--------+

Top non-repeatable levels by time:
     D:1: 466 daAuts
     D:2: 249 daAuts
     D:3: 87 daAuts
